 Dungeon Crawl Stone Soup version 0.17-a0-1596-g1e86911 (webtiles) character file.

95 mrath the Cudgeler (level 4, -10/44 HPs)
             Began as a Troll Fighter on July 30, 2015.
             Mangled by Xiguana's ghost (13 damage)
             ... on level 3 of the Dungeon.
             The game lasted 00:17:07 (2367 turns).

mrath the Cudgeler (Troll Fighter)                  Turns: 2367, Time: 00:17:07

Health: -10/44     AC:  6    Str: 25    XL:     4   Next: 39%
Magic:  3/3        EV:  8    Int:  4    God:
Gold:   141        SH:  9    Dex:  9    Spells: 0 memorised, 3 levels left

rFire  . . .     SeeInvis .     C - +0 hammer
rCold  . . .     Clarity  .     b - +0 robe
rNeg   . . .     SustAt   .     c - +0 shield
rPois  .         Gourm    +     (helmet restricted)
rElec  .         Spirit   .     B - +0 cloak
rCorr  .         Warding  .     (gloves unavailable)
rMut   .         Stasis   .     (boots unavailable)
MR     .....                    (no amulet)
Stlth  +.........               (no ring)
                                (no ring)

@: starving, drained, not resistant to hostile enchantments, very unstealthy
A: unfitting armour, claws 3, fast metabolism 3, gourmand, regeneration 2,
shaggy fur 1, tough skin 2
a: no special abilities


You were on level 3 of the Dungeon.
You were starving.

You visited 1 branch of the dungeon, and saw 3 of its levels.

You collected 141 gold pieces.

Inventory:

Hand weapons
 a - a +0 flail
 f - a +1 dagger of draining
 v - a +0 hand axe
 w - a +0 hunting sling
 y - a +1 dagger of draining
 A - a +4 quarterstaff of chaos
 C - a +0 hammer (weapon)
Missiles
 j - 56 poisoned needles
 k - 38 sling bullets
 n - 71 stones (quivered)
Armour
 b - a +0 robe (worn)
 c - a +0 shield (worn)
 B - a +0 cloak (worn)
Scrolls
 g - a scroll of immolation {unknown}
 h - 3 scrolls of teleportation {unknown}
 o - 2 scrolls of remove curse
 p - a scroll of recharging
 s - a scroll of magic mapping {unknown}
 D - a scroll of random uselessness {unknown}
Potions
 l - 3 potions of curing {unknown}
 m - a potion of haste {unknown}
 q - a potion of invisibility {unknown}
 r - a potion of cancellation {unknown}
 t - 2 potions of lignification {unknown}
 u - a potion of degeneration {unknown}
 z - a potion of flight {unknown}
Comestibles
 d - a chunk of flesh
 e - 2 bread rations
 i - a meat ration


   Skills:
 - Level 2.4(2.2) Fighting
 * Level 3.8(3.6) Maces & Flails
 - Level 2.4(2.2) Dodging
 + Level 3.0(2.8) Shields


You had 3 spell levels left.
You didn't know any spells.

Dungeon Overview and Level Annotations

Branches:
Dungeon (3/15)

Altars:
Ru

Annotations:
D:3 Xiguana's ghost, average GrBe


Innate Abilities, Weirdness & Mutations

You are too large for most types of armour.
You have claws for hands.
Your metabolism is lightning-fast.
You like to eat raw meat.
You heal very quickly.
You are covered in fur (AC +1).
You have very tough skin (AC +2).


Message History

Xiguana's ghost is moderately damaged.
Xiguana's ghost barely misses you.
You closely miss Xiguana's ghost.
Xiguana's ghost is moderately damaged.
Xiguana's ghost hits you but does no damage.
Xiguana's ghost hits you.
You hit Xiguana's ghost but do no damage.
Xiguana's ghost is moderately damaged.
Xiguana's ghost hits you but does no damage.
You hit Xiguana's ghost.
Xiguana's ghost is moderately damaged.
Xiguana's ghost hits you.
You hit Xiguana's ghost but do no damage.
Xiguana's ghost is moderately damaged.
Xiguana's ghost hits you!
* * * LOW HITPOINT WARNING * * *
You barely miss Xiguana's ghost.
Xiguana's ghost is moderately damaged.
Xiguana's ghost barely misses you. Xiguana's ghost hits you!
You die...

#...... #.#............
####.####.#......######
..........#.[....#
####.######......# #
#.#...........# #
#.............#
#############.# #%# #@#
#W# #.. #.#. #.#.. #.#
.. #.# #.. ... .##


You could see Xiguana's ghost.

Vanquished Creatures
  Crazy Yiuf (D:2)
  An adder (D:2)
  An ooze (D:2)
  2 worms (D:2)
  5 orcs (D:3)
  3 giant cockroaches
  5 hobgoblins
  A quokka (D:3)
  2 ball pythons
  9 bats
  A giant gecko (D:2)
  2 giant newts
  8 goblins
  3 kobolds (D:2)
  3 rats
  A bush (D:2)
48 creatures vanquished.

Notes
Turn   | Place    | Note
--------------------------------------------------------------
     0 | D:1      | mrath the Troll Fighter began the quest for the Orb.
     0 | D:1      | Reached XP level 1. HP: 22/22 MP: 0/0
   331 | D:1      | Reached XP level 2. HP: 29/29 MP: 1/1
   699 | D:2      | Reached XP level 3. HP: 36/36 MP: 2/2
   896 | D:2      | Reached skill level 3 in Maces & Flails
  1766 | D:2      | Noticed Crazy Yiuf
  1773 | D:2      | Killed Crazy Yiuf
  1773 | D:2      | Reached XP level 4. HP: 12/44 MP: 3/3
  2165 | D:3      | Found a sacrificial altar of Ru.
  2249 | D:3      | Found a sacrificial altar of Ru.
  2340 | D:3      | Noticed Xiguana's ghost (average GrBe)
  2366 | D:3      | HP: 2/44 [Xiguana's ghost (14)]
  2367 | D:3      | Mangled by Xiguana's ghost

Vault maps used:
D:1:      dpeg_arrival_court
D:2:      serial_forest, infiniplex_forest_join,
          infiniplex_forest_clump_diagonal, infiniplex_forest_straight_3,
          infiniplex_forest_straight_2, infiniplex_forest_end_3,
          uniq_crazy_yiuf_cottage
D:3:      nicolae_overflow_hidden_temple, nicolae_ru_sacrificial_ziggurat,
          uniq_iyjb

Action                   |  1- 3 |  4- 6 || total
-------------------------+-------+-------++-------
Melee: Flail             |   160 |       ||   160
       Hammer            |       |    60 ||    60
 Fire: Hunting sling     |     3 |       ||     3
Throw: Stone             |       |     6 ||     6
  Use: Scroll            |     1 |     2 ||     3
       Potion            |     1 |     1 ||     2
  Eat: Chunk             |     5 |     2 ||     7
       Bread ration      |     2 |       ||     2
       Beef jerky        |     1 |       ||     1
